 Dungeon Crawl Stone Soup version 0.21-a0-434-g806c6c2 (webtiles) character file.

65 slep the Slasher (level 3, -1/27 HPs)
             Began as a Demonspawn Gladiator on Nov 9, 2017.
             Slain by a worker ant (7 damage)
             ... on level 2 of the Dungeon.
             The game lasted 00:05:42 (1305 turns).

slep the Slasher (Demonspawn Gladiator)             Turns: 1305, Time: 00:05:42

Health: -1/27      AC:  5    Str: 14    XL:     3   Next: 94%
Magic:  3/3        EV: 13    Int:  9    God:
Gold:   70         SH:  0    Dex: 15    Spells: 2/2 levels left

rFire    . . .     SeeInvis .   a - +0 long sword
rCold    . . .     Gourm    .   (no shield)
rNeg     . . .     Faith    .   b - +0 leather armour
rPois    .         Spirit   .   c - +0 helmet
rElec    .         Reflect  .   (no cloak)
rCorr    .         Harm     .   (no gloves)
MR       .....                  (no boots)
Stlth    +.........             (no amulet)
HPRegen  0.09/turn              (no ring)
MPRegen  0.08/turn              (no ring)

@: no status effects
A: rugged brown scales 1
a: no special abilities


You were on level 2 of the Dungeon.
You were not hungry.

You visited 1 branch of the dungeon, and saw 2 of its levels.

You collected 70 gold pieces.

Inventory:

Hand Weapons
 a - a +0 long sword (weapon)
 r - a +0 dagger of venom
Missiles
 d - 3 throwing nets (quivered)
Armour
 b - a +0 leather armour (worn)
 c - a +0 helmet (worn)
Wands
 n - a wand of confusion (29/48)
Scrolls
 e - a scroll of identify {unknown}
 h - a scroll of amnesia {unknown}
 j - a scroll of teleportation {unknown}
 l - 2 scrolls of immolation {unknown}
 q - a scroll of fear {unknown}
Potions
 g - 2 potions of mutation {unknown}
 i - 2 potions of curing {unknown}
 k - a potion of berserk rage {unknown}
 p - a potion of haste {unknown}
Comestibles
 f - 4 bread rations
 m - 2 royal jellies
 o - 7 chunks of flesh


   Skills:
 + Level 2.2 Fighting
 + Level 3.4 Long Blades
 + Level 1.9 Throwing
 + Level 1.2 Armour
 + Level 3.2 Dodging
 + Level 0.1 Stealth


You had 2 spell levels left.
You didn't know any spells.

Dungeon Overview and Level Annotations

Branches:
Dungeon (2/15)

Altars:


Innate Abilities, Weirdness & Mutations

You are partially covered in rugged brown scales. (AC +1, +3% HP)


Message History

The bat hits you but does no damage.
You feel sick.
You are no longer poisoned.
The bat hits you but does no damage. The bat barely misses you.
You riposte.
You slash the bat!
You kill the bat!
You see here a rat skeleton.
The worker ant bites you but does no damage.
The worker ant barely misses you.
You closely miss the hobgoblin. The hobgoblin hits you.
* * * LOW HITPOINT WARNING * * *
You barely miss the hobgoblin.
The hobgoblin hits you but does no damage.
The worker ant waves its antennae.
The hobgoblin barely misses you.
You riposte.
You hit the hobgoblin.
The hobgoblin is almost dead.
You slash the hobgoblin!
You kill the hobgoblin!
The worker ant bites you!
You die...

#......# ....#....# #
#..÷.# ##..## #..# #..##
... #...# #.# #.#a# #.#
#)#@####### #.#
#÷#.##....#
###.##########.#.##....#
..........##...#.##....#
..........##.###.......#
.....<....##.#.........#
.................##....#
......(........#.##....#
..........##.###.#######


You could see a worker ant.

Vanquished Creatures
  A gnoll (D:1)
  An adder (D:2)
  A dart slug (D:1)
  A leopard gecko (D:1)
  A giant cockroach (D:1)
  7 goblins
  10 hobgoblins
  A ball python (D:1)
  6 bats
  4 frilled lizards (D:1)
  2 kobolds
  7 rats
  A bush (D:1)
  A plant (D:1)
44 creatures vanquished.

Notes
Turn   | Place    | Note
-------+----------+-------------------------------------------
     0 | D:1      | slep the Demonspawn Gladiator began the quest for the Orb.
     0 | D:1      | Reached XP level 1. HP: 16/16 MP: 1/1
   111 | D:1      | Gained mutation: You are partially covered in rugged brown scales. (AC +1, +3% HP) [demonic ancestry]
   111 | D:1      | Reached XP level 2. HP: 2/22 MP: 2/2
   518 | D:1      | Reached XP level 3. HP: 22/27 MP: 3/3
  1274 | D:2      | Reached skill level 1 in Armour
  1305 | D:2      | Slain by a worker ant

Vault maps used:
D:1:      dpeg_arrival_round_b, serial_forest, infiniplex_forest_end_double,
          infiniplex_forest_clump_long, infiniplex_forest_lined_corner,
          infiniplex_forest_clump_curved, infiniplex_forest_clump_curved,
          infiniplex_forest_clump_diagonal, infiniplex_forest_lined_room_2,
          minmay_tromino_v7
D:2:      cheibrodos_old_hovel, first_bread

Skill      XL: |  1  2  3 |
---------------+----------+-----
Long Blades    | 3 |  3.4
Dodging        | 3 |  3.2
Armour         | 1 |  1.2
Fighting       | |  2.2
Throwing       | |  1.9
Stealth        | |  0.1

Action                   || total
-------------------------++-------
Melee: Long sword        ||   229
 Stab: Sleeping          ||     1
  Eat: Chunk             ||     2
Armor: Leather armour    ||    28
Dodge: Dodged            ||    94
       Rpst.: Long sword ||    41

Table legend:
 A = Spawn XP
 B = Non-spawn XP
 C = Spawn XP percentage of total XP
 D = Spawn monster count
 E = Non-spawn monster count
 F = Spawn count percentage of total count
 G = Total turns spent on level
                    A         B        C        D         E        F      G
               +---------+---------+-------+---------+---------+-------+---------
         Total |       0 |      94 |   0.0 |       0 |      42 |   0.0 |  1305
               +---------+---------+-------+---------+---------+-------+---------
           D:1 |       0 |      52 |   0.0 |       0 |      24 |   0.0 |  1093
           D:2 |       0 |      42 |   0.0 |       0 |      18 |   0.0 |   212
               +---------+---------+-------+---------+---------+-------+---------
